 Dungeon Crawl Stone Soup version 0.23-a0-622-g59b4ea9 (webtiles) character file.

10345 tatocazan the Grappler (level 11, -5/107 HPs)
             Began as a Troll Fighter on Dec 23, 2018.
             Was a Priest of Qazlal.
             Slain by an eight-headed hydra (14 damage)
             ... on level 2 of the Lair of Beasts.
             The game lasted 00:19:25 (10626 turns).

tatocazan the Grappler (Troll Fighter)             Turns: 10626, Time: 00:19:26

Health: -5/107     AC:  6    Str: 26    XL:     11   Next: 35%
Magic:  13/13      EV: 12    Int:  4    God:    Qazlal [***...]
Gold:   781        SH: 15    Dex: 12    Spells: 10/10 levels left

rFire    . . .     SeeInvis .   C - +1 morningstar (holy)
rCold    + . .     Gourm    +   b - +0 shield
rNeg     + . .     Faith    .   s - +0 robe "Iliwuje" {rN+ Regen+}
rPois    +         Spirit   .   w - +0 hat
rElec    .         Reflect  .   n - +0 cloak
rCorr    .         Harm     .   (gloves unavailable)
MR       .....                  (boots unavailable)
Stlth    +.........             (no amulet)
HPRegen  1.07/turn              i - ring of protection from cold
MPRegen  0.13/turn              A - ring of poison resistance

@: hasted, very quick
A: large, unfitting armour, claws 3, fast metabolism 3, gourmand, regeneration
1, shaggy fur 1, tough skin 2
a: Upheaval, Elemental Force, Renounce Religion


You were on level 2 of the Lair of Beasts.
You worshipped Qazlal.
Qazlal was most pleased with you.
You were completely stuffed.

You visited 2 branches of the dungeon, and saw 11 of its levels.

You collected 781 gold pieces.

Inventory:

Hand Weapons
 C - a +1 morningstar of holy wrath (weapon)
Missiles
 D - 5 javelins (quivered)
Armour
 b - a +0 shield (worn)
 n - a +0 cloak (worn)
 s - the +0 robe "Iliwuje" (worn) {rN+ Regen+}
   (You found it on level 4 of the Dungeon)

   It protects you from negative energy.
   It increases your rate of regeneration.
 w - a +0 hat (worn)
Jewellery
 c - an uncursed ring of protection from fire
 i - a ring of protection from cold (left claw)
 v - an uncursed ring of protection from cold
 A - a ring of poison resistance (right claw)
 L - an uncursed ring of resist corrosion
Wands
 y - a wand of acid (14)
 B - a wand of flame (41)
Scrolls
 f - a scroll of enchant weapon {unknown}
 g - a scroll of fear {unknown}
 h - 5 scrolls of identify
 k - 4 scrolls of amnesia {unknown}
 l - 6 scrolls of teleportation
 m - a scroll of vulnerability {unknown}
 o - 7 scrolls of enchant armour {unknown}
 p - 2 scrolls of immolation {unknown}
 r - 3 scrolls of noise {unknown}
 t - 3 scrolls of magic mapping {unknown}
 u - 3 scrolls of remove curse {unknown}
 E - a scroll of acquirement {unknown}
Potions
 a - a potion of resistance {unknown}
 e - 3 potions of curing
 j - 2 potions of haste
 q - 3 potions of brilliance {unknown}
 x - 2 potions of degeneration {unknown}
 z - a potion of berserk rage {unknown}
 F - 2 potions of flight
 G - 2 potions of agility {unknown}
 H - a potion of heal wounds
 J - a potion of mutation {unknown}
Comestibles
 d - 22 rations


   Skills:
 + Level 6.9 Fighting
 + Level 6.9 Dodging
 + Level 7.0 Shields
 * Level 11.1 Unarmed Combat
 + Level 4.3 Invocations


You had 10 spell levels left.
You didn't know any spells.
Your spell library contained the following spells:

 Spells                   Type           Power        Failure   Level  Hunger
 Beastly Appendage        Tmut           #.....       65%         1    ##.....
 Confusing Touch          Hex            #.....       65%         1    ##.....
 Infusion                 Chrm           #...         65%         1    ##.....
 Shroud of Golubria       Chrm/Tloc      #.........   78%         2    ###....
 Song of Slaying          Chrm           #.......     78%         2    ###....
 Sticks to Snakes         Tmut           #.......     78%         2    ###....
 Confuse                  Hex            #.......     95%         3    ####...
 Gell's Gravitas          Tloc           #.........   95%         3    ####...
 Ignite Poison            Fire/Tmut/Pois #.......     95%         3    ####...
 Inner Flame              Hex/Fire       #.......     95%         3    ####...
 Ozocubu's Armour         Chrm/Ice       #.......     95%         3    ####...
 Regeneration             Chrm/Necr      #.........   95%         3    ####...
 Spectral Weapon          Hex/Chrm       #.......     95%         3    ####...
 Spider Form              Tmut/Pois      #.........   95%         3    ####...
 Vampiric Draining        Necr           #.........   95%         3    ####...
 Ice Form                 Ice/Tmut       #.......     100%        4    #####..
 Petrify                  Tmut/Erth      #.......     100%        4    #####..
 Blade Hands              Tmut           #.........   100%        5    ######.
 Bolt of Magma            Conj/Fire/Erth #.........   100%        5    ######.
 Dispel Undead            Necr           #.......     100%        5    ######.
 Metabolic Englaciation   Hex/Ice        #.........   100%        5    ######.
 Yara's Violent Unravell  Hex/Tmut       #.........   100%        5    ######.
 Bolt of Fire             Conj/Fire      #.........   100%        6    #######
 Death Channel            Necr           #.........   100%        6    #######
 Iron Shot                Conj/Erth      #.........   100%        6    #######


Dungeon Overview and Level Annotations

Branches:
Dungeon (9/15)             Temple (0/1) D:6            Lair (2/6) D:9
  Snake (0/4) Lair:2          Orc (0/2) D:9
  Swamp: Lair:2-4    Shoals: Lair:2-4

Altars:
Ashenzari
Elyvilon
Gozag
Hepliaklqana
Kikubaaqudgha
Okawaru
Qazlal
Ru
Sif Muna
Uskayaw
Vehumet
Yredelemnul
Zin
The Shining One

Shops:
D:8 (

Annotations:
D:4 4 runed doors


Innate Abilities, Weirdness & Mutations

You are too large for most types of armour.
You have claws for hands.
Your metabolism is lightning-fast.
You like to eat raw meat.
Your natural rate of healing is unusually fast.
You are covered in fur. (AC +1)
You have very tough skin. (AC +2)


Message History

The eight-headed hydra bites you!
You take 47 damage, and have 40/107 hp.
MASSIVE DAMAGE!!
You hit the eight-headed hydra but do no damage.
The eight-headed hydra is lightly wounded.
The eight-headed hydra misses you.
You block the eight-headed hydra's attack.
The eight-headed hydra barely misses you.
The eight-headed hydra bites you!!
* * * LOW HITPOINT WARNING * * *
The eight-headed hydra closely misses you.
The eight-headed hydra bites you!
* * * LOW HITPOINT WARNING * * *
The eight-headed hydra bites you.
* * * LOW HITPOINT WARNING * * *
You block the eight-headed hydra's attack.
You bludgeon the eight-headed hydra!!
The eight-headed hydra is heavily wounded.
The eight-headed hydra closely misses you.
The eight-headed hydra bites you!
You die...

......P..#####.......#P#
##........# ####....###
##.#....## ######
####......#### #.
...........#.############...
.....(..........#P#.#.P#.#..
.......#.##.................
.......#####................
......PP# #P....@...........
.^......#
##...ยง.D..).......
.......## #................
.......# #..>.............
.....).## #.............(...
........# #....###P.........
#.......# #..P## ####.......
#......## #..## .......
######## #.. .......


You could see an eight-headed hydra.

Vanquished Creatures
  A two-headed ogre (D:8)
  The ghost of porpoise the Destroyer, a novice DECj of Vehumet (D:8)
  A deep elf mage (D:8)
  A black mamba (Lair:2)
  A komodo dragon (Lair:1)
  A merfolk (D:9)
  2 trolls (D:9)
  4 hippogriffs
  A wyvern (Lair:2)
  2 nagas (Lair:2)
  3 water moccasins (Lair:1)
  4 porcupines (Lair:1)
  A black bear (D:9)
  3 sky beasts
  3 ice beasts
  6 orc warriors
  3 phantoms
  6 ogres
  2 crocodiles (Lair:1)
  12 wolves
  2 centaurs
  A big kobold (D:7)
  A bullfrog (D:9)
  A scorpion (D:6)
  2 jellies (D:5)
  14 wights (D:7)
  3 electric eels (D:9)
  A howler monkey (D:3)
  2 crimson imps
  A bullfrog zombie (D:5)
  A quasit (D:9)
  12 hounds
  An iron imp (D:8)
  6 orc priests
  A centaur zombie (D:8)
  A gnoll shaman (D:7)
  7 orc wizards
  A bullfrog skeleton (D:4)
  2 centaur skeletons
  An iguana (D:9)
  3 worker ants
  2 hound skeletons
  11 gnolls
  9 adders
  2 shadow imps
  2 oozes
  An adder skeleton (D:5)
  An adder zombie (D:9)
  3 worms
  A dart slug (D:2)
  6 leopard geckos
  29 orcs
  6 bats
  A giant cockroach (D:3)
  10 goblins
  9 hobgoblins
  10 kobolds
  4 quokkas
  8 frilled lizards
  A hobgoblin zombie (D:8)
  2 kobold skeletons (D:8)
  A kobold zombie (D:8)
  2 leopard gecko skeletons
  An orc skeleton (D:8)
  3 orc zombies (D:8)
  A quokka skeleton (D:4)
  5 rats
  A spectral orc (D:9)
  A butterfly (Lair:1)
255 creatures vanquished.

Vanquished Creatures (collateral kills)
  A warg (D:9)
  A sky beast (D:9)
2 creatures vanquished.

Vanquished Creatures (others)
  An orc (D:9)
1 creature vanquished.

Grand Total: 258 creatures vanquished

Notes
Turn   | Place    | Note
-------+----------+-------------------------------------------
     0 | D:1      | tatocazan the Troll Fighter began the quest for the Orb.
     0 | D:1      | Reached XP level 1. HP: 22/22 MP: 0/0
   224 | D:1      | Reached XP level 2. HP: 27/29 MP: 1/1
   857 | D:2      | Reached XP level 3. HP: 36/36 MP: 2/2
  1235 | D:2      | Reached skill level 3 in Unarmed Combat
  1248 | D:2      | Found a hide-covered altar of Uskayaw.
  1375 | D:2      | Found a radiant altar of Vehumet.
  1476 | D:2      | Reached XP level 4. HP: 36/44 MP: 3/3
  1658 | D:2      | Found a stormy altar of Qazlal.
  1672 | D:2      | Found an iron altar of Okawaru.
  2342 | D:4      | Noticed a phantom
  2361 | D:4      | Found an ancient bone altar of Kikubaaqudgha.
  2375 | D:4      | Noticed an ogre
  2393 | D:4      | Killed an ogre
  2393 | D:4      | Reached skill level 4 in Unarmed Combat
  2393 | D:4      | Reached XP level 5. HP: 30/53 MP: 4/4
  2413 | D:4      | Killed a phantom
  2413 | D:4      | Reached XP level 6. HP: 38/61 MP: 5/5
  2781 | D:4      | Found a shattered altar of Ashenzari.
  2918 | D:4      | Found a large runed door.
  2940 | D:4      | Found a hazy altar of Hepliaklqana.
  3243 | D:4      | Reached skill level 5 in Unarmed Combat
  3262 | D:4      | Found a deep blue altar of Sif Muna.
  3315 | D:4      | Reached XP level 7. HP: 65/67 MP: 6/6
  3354 | D:4      | Found a large runed door.
  3390 | D:4      | Identified Mepob's Reference Book on Protection and the
                  | Volcanoes
  3454 | D:4      | Found a large runed door.
  3454 | D:4      | Found a large runed door.
  4184 | D:4      | Got a steaming robe
  4195 | D:4      | Identified the +0 robe "Iliwuje" {rN+ Regen+} (You found it
                  | on level 4 of the Dungeon)
  4461 | D:2      | Became a worshipper of Qazlal Stormbringer
  4531 | D:5      | Entered Level 5 of the Dungeon
  4717 | D:5      | Found a sacrificial altar of Ru.
  4949 | D:5      | Reached skill level 6 in Unarmed Combat
  5197 | D:5      | Reached XP level 8. HP: 69/78 MP: 7/7
  5499 | D:5      | Reached * piety under Qazlal
  5841 | D:6      | Reached skill level 7 in Unarmed Combat
  6006 | D:6      | Found a staircase to the Ecumenical Temple.
  6097 | D:6      | Found an opulent altar of Gozag.
  6437 | D:7      | Reached skill level 5 in Fighting
  6437 | D:7      | Reached skill level 5 in Dodging
  6437 | D:7      | Reached skill level 5 in Shields
  6437 | D:7      | Reached XP level 9. HP: 88/88 MP: 8/8
  6687 | D:7      | Reached ** piety under Qazlal
  6687 | D:7      | Reached skill level 8 in Unarmed Combat
  6890 | D:7      | Found a white marble altar of Elyvilon.
  7741 | D:8      | Found a glowing golden altar of the Shining One.
  7750 | D:8      | Reached *** piety under Qazlal
  7797 | D:8      | Found Kuxzu's Antique Weapon Emporium.
  7961 | D:8      | Noticed a deep elf mage
  7971 | D:8      | Killed a deep elf mage
  7971 | D:8      | Reached skill level 9 in Unarmed Combat
  7971 | D:8      | Reached skill level 1 in Invocations
  8065 | D:8      | Found a glowing silver altar of Zin.
  8107 | D:8      | Noticed a two-headed ogre
  8115 | D:8      | Killed a two-headed ogre
  8115 | D:8      | Reached XP level 10. HP: 37/98 MP: 5/10
  8175 | D:8      | Found a runed gate.
  8175 | D:8      | Found a runed gate.
  8175 | D:8      | Found a runed gate.
  8177 | D:8      | Noticed porpoise's ghost (novice DECj)
  8198 | D:8      | Killed porpoise's ghost
  8435 | D:9      | Reached skill level 10 in Unarmed Combat
  8487 | D:9      | HP: 2/100 [orc warrior/tomahawk (16)]
  8657 | D:9      | Found a staircase to the Lair.
  8722 | D:9      | Found a staircase to the Orcish Mines.
  8842 | D:9      | Found a basalt altar of Yredelemnul.
  9299 | Lair:1   | Entered Level 1 of the Lair of Beasts
  9363 | Lair:1   | Reached XP level 11. HP: 62/107 MP: 12/12
  9489 | Lair:1   | Identified the Compendium of Evil Earth
  9555 | Lair:1   | HP: 5/107 [wolf (4)]
 10384 | Lair:2   | Reached skill level 11 in Unarmed Combat
 10507 | Lair:2   | Found a staircase to the Snake Pit.
 10613 | Lair:2   | Noticed an eight-headed hydra
 10626 | Lair:2   | Slain by an eight-headed hydra

Vault maps used:
D:1:      nicolae_arrival_washed_ashore, kennysheep_pointless_box,
          minmay_misc_feat_diagonals
D:2:      eat_drink_and_be_merry_uskayaw, lemuel_crystal_altar,
          kennysheep_okawaru_gauntlet, nicolae_qazlal_general_emergency,
          minmay_tripent
D:4:      overflow_temple_1_default, kiku_gazebo_pond_becter,
          nicolae_ashenzari_panopticon, old_standard_altar, first_ration,
          minmay_hollow_rounded_squares
D:5:      nicolae_ru_the_path_less_chosen
D:6:      kennysheep_mini, minmay_temple_entry_junction
D:7:      nicolae_overflow_hidden_temple, supply_closet_lemuel
D:8:      zin_treasury, nicolae_tso_besieged_by_evil, serial_shops, shop,
          ebering_ghost_rock_garden, ebering_dispersal_statue_hall
D:9:      yredelemnul_forgotten_temple_becter, erik_lair_island, david_orc_3,
          hangedman_fish_farm
Lair:1:   serial_bayou_pond_e, minivault_25, lemuel_fruit_fields,
          grunt_megastairs_4
Lair:2:   guppyfry_snake_entry_garden

Skill      XL: |  1  2  3  4  5  6  7  8  9 10 11 |
---------------+----------------------------------+-----
Unarmed Combat | 3 4 5 6 7 9 10 11 | 11.1
Fighting       | 3 4 5 6 |  6.9
Shields        | 3 4 5 6 7 |  7.0
Dodging        | 3 4 5 6 |  6.9
Invocations    | 2 3 4 |  4.3

Action                   |  1- 3 |  4- 6 |  7- 9 | 10-12 || total
-------------------------+-------+-------+-------+-------++-------
Melee: Unarmed           |   101 |   124 |   375 |   221 ||   821
       Morningstar       |       |       |       |     4 ||     4
Invok: Upheaval          |       |       |     1 |     1 ||     2
       Elemental Force   |       |       |       |     2 ||     2
  Use: Scroll            |       |       |     4 |     1 ||     5
       Potion            |       |       |     1 |    11 ||    12
 Stab: Sleeping          |     2 |       |     1 |       ||     3
  Eat: Chunk             |    18 |    17 |    36 |    28 ||    99
       Ration            |       |       |       |     1 ||     1
Armor: Robe              |    42 |    21 |    58 |    44 ||   165
Dodge: Dodged            |    28 |    30 |   113 |   115 ||   286
Block: Shield            |    48 |    67 |   197 |   229 ||   541

Table legend:
 A = Non-vault XP
 B = Vault XP
 C = Vault XP percentage of total XP
 D = Non-vault monster count
 E = Vault monster count
 F = Vault count percentage of total count
                 A         B        C        D         E       F
            +---------+---------+-------+---------+---------+-------
      Total |   11562 |    3217 |  21.8 |     216 |      40 |  15.6
            +---------+---------+-------+---------+---------+-------
        D:1 |      28 |       0 |   0.0 |      13 |       0 |   0.0
        D:2 |     104 |       4 |   3.7 |      26 |       2 |   7.1
        D:3 |      87 |      16 |  15.5 |      16 |       2 |  11.1
        D:4 |     614 |     197 |  24.3 |      22 |       5 |  18.5
        D:5 |     697 |       0 |   0.0 |      28 |       0 |   0.0
        D:6 |     710 |       0 |   0.0 |      20 |       0 |   0.0
        D:7 |    1754 |       0 |   0.0 |      38 |       0 |   0.0
        D:8 |    1827 |     685 |  27.3 |      11 |      10 |  47.6
        D:9 |    1959 |    1588 |  44.8 |      19 |      17 |  47.2
     Lair:1 |    2841 |     398 |  12.3 |      20 |       2 |   9.1
     Lair:2 |     941 |     329 |  25.9 |       3 |       2 |  40.0
            +---------+---------+-------+---------+---------+-------
